 Dungeon Crawl Stone Soup version 0.21.1-1-g345015f (webtiles) character file.

21365 snakesoul the Eclecticist (level 12, -1/64 HPs)
             Began as a Deep Elf Fire Elementalist on June 24, 2018.
             Was an Elder of Vehumet.
             Killed from afar by a frost giant (49 damage)
             ... with a bolt of cold
             ... in an ice cave.
             The game lasted 00:45:37 (14673 turns).

snakesoul the Eclecticist (DEFE)                   Turns: 14673, Time: 00:45:37

Health: -1/64      AC: 10    Str:  5    XL:     12   Next: 53%
Magic:  34/44      EV: 17    Int: 26    God:    Vehumet [****..]
Gold:   554        SH:  5    Dex: 15    Spells: 27/45 levels left

rFire    + . .     SeeInvis .   N - staff of air
rCold    x . .     Gourm    .   (no shield)
rNeg     . . .     Faith    .   I - +2 robe {MR+}
rPois    .         Spirit   .   y - +2 helmet
rElec    +         Reflect  +   (no cloak)
rCorr    .         Harm     .   w - +0 pair of gloves
MR       ++...                  g - +1 pair of boots
Stlth    ++........             h - +5 amulet of reflection
HPRegen  0.20/turn              K - ring of magical power
MPRegen  0.29/turn              p - ring of fire

@: no status effects
A: no striking features
a: Renounce Religion


You were in an ice cave.
You worshipped Vehumet.
Vehumet was greatly pleased with you.
You were not hungry.

You visited 2 branches of the dungeon, and saw 12 of its levels.
You also visited: Sewer and Ice Cave.

You collected 657 gold pieces.
You spent 103 gold pieces at shops.

Inventory:

Hand Weapons
 q - a +0 dagger of freezing
Armour
 g - a +1 pair of boots (worn)
 w - a +0 pair of gloves (worn)
 y - a +2 helmet (worn)
 I - a +2 robe of magic resistance (worn)
Magical Staves
 N - an uncursed staff of air (weapon)
Jewellery
 h - a +5 amulet of reflection (around neck)
 o - an uncursed amulet of faith
 p - a ring of fire (right hand)
 K - a ring of magical power (left hand)
Wands
 G - a wand of iceblast (17)
 L - a wand of polymorph (12)
 M - a wand of flame (36)
Scrolls
 d - 2 scrolls of identify
 i - 3 scrolls of enchant armour
 j - 4 scrolls of magic mapping {unknown}
 l - 4 scrolls of fear
 n - 6 scrolls of remove curse
 s - 6 scrolls of immolation {unknown}
 t - 5 scrolls of teleportation {unknown}
 u - 2 scrolls of fog {unknown}
 v - a scroll of enchant weapon {unknown}
 x - a scroll of noise {unknown}
 C - 2 scrolls of random uselessness {unknown}
 D - a scroll of amnesia {unknown}
 H - a scroll of vulnerability {unknown}
Potions
 e - 2 potions of agility
 f - 3 potions of curing {unknown}
 k - a potion of resistance
 m - 4 potions of invisibility
 r - 3 potions of heal wounds {unknown}
 z - a potion of might {unknown}
 A - 4 potions of flight {unknown}
 B - 2 potions of haste {unknown}
 E - a potion of mutation {unknown}
 J - a potion of degeneration {unknown}
 O - a potion of ambrosia {unknown}
 P - a potion of berserk rage {unknown}
Books
 b - a book of Flames

   Spells                             Type                      Level
   a - Flame Tongue                   Conjuration/Fire             1
   b - Throw Flame                    Conjuration/Fire             2
   c - Conjure Flame                  Conjuration/Fire             3
   d - Inner Flame                    Hexes/Fire                   3
   e - Sticky Flame                   Conjuration/Fire             4
   f - Fireball                       Conjuration/Fire             5
 F - a book of Geomancy

   Spells                             Type                      Level
   a - Sandblast                      Earth                        1
   b - Passwall                       Transmutation/Earth          2
   c - Stone Arrow                    Conjuration/Earth            3
   d - Petrify                        Transmutation/Earth          4
   e - Lee's Rapid Deconstruction     Earth                        5
Comestibles
 a - 11 chunks of flesh
 c - 24 rations


   Skills:
 + Level 3.4 Fighting
 * Level 8.0 Dodging
 - Level 2.4 Stealth
 + Level 17.3 Spellcasting
 * Level 10.8 Conjurations
 * Level 10.7 Fire Magic


You had 27 spell levels left.
You knew the following spells:

 Your Spells              Type           Power        Failure   Level  Hunger
a - Flame Tongue          Conj/Fire      #####        1%          1    None
b - Conjure Flame         Conj/Fire      #######.     1%          3    None
c - Sticky Flame          Conj/Fire      #######.     1%          4    None
d - Fireball              Conj/Fire      #######...   1%          5    None
e - Magic Dart            Conj           ####         1%          1    None
f - Throw Icicle          Conj/Ice       ######..     1%          4    None


Dungeon Overview and Level Annotations

Branches:
Dungeon (11/15)            Temple (1/1) D:4            Lair (0/6) D:11
    Orc: D:9-12

Altars:
Ashenzari
Cheibriados
Elyvilon
Fedhas
Gozag
Hepliaklqana
Kikubaaqudgha
Nemelex Xobeh
Okawaru
Qazlal
Ru
Sif Muna
Trog
Uskayaw
Vehumet
Wu Jian
Xom
Yredelemnul
Zin
The Shining One

Shops:
D:4 *   D:9 %   D:10 }(:*

Annotations:
D:4 2 transporters
D:5 Phong's ghost, novice DsGl


Message History

The frost giant is burned terribly!
The frost giant is lightly wounded.
The frost giant is covered in liquid flames!
The frost giant burns!
The frost giant is engulfed in blazing flames.
The frost giant points at you and mumbles some strange words.
The bolt of cold hits you!
You feel a terrible chill!
Unknown command.
Unknown command.
Unknown command.
Unknown command.
Unknown command.
Unknown command.
Unknown command.
The frost giant burns!
The frost giant is engulfed in blazing flames.
The frost giant points at you and mumbles some strange words.
The bolt of cold hits you!
You feel a terrible chill!
Ouch! That really hurt!
You die...

.#.##
##.#..C...#
###.# ##.#..#
#..# #.##.##
##..##
##C#####
#..÷.##
##Y#..##
#.....#
#..#†..#
...#..##
#...##C##
..###..#
#.⌠###..# .##
##.####..###@#
## #..#
#####..# ##
#..## ##...###
.# ##..#
#...#..# .#
##.# #...#[##
.# #..#
##..#### ##
#..###††.# ##
#.###...##
.### #.###..##


You could see a frost giant (burning).

Vanquished Creatures
  A hydra (D:10)
  4 two-headed ogres
  The ghost of snakesoul the Geomancer, a novice GrEE of Vehumet (D:8)
  The ghost of RottenKnight the Caller, a novice MfSu of Sif Muna (D:7)
  An ice statue (IceCv)
  A cyclops (D:11)
  A centaur zombie (D:10)
  A centaur skeleton (D:11)
  A komodo dragon (D:10)
  A troll (D:11)
  A hornet (D:8)
  16 polar bears (IceCv)
  Grinder (D:3)
  2 dream sheep (D:10)
  A hippogriff (D:10)
  25 yaks
  A wyvern (D:10)
  A steam dragon (D:9)
  A soldier ant (D:10)
  3 sky beasts
  3 orc warriors
  An ice beast (D:6)
  A black bear (D:9)
  2 phantoms
  10 ogres
  2 centaurs
  18 wolves
  3 big kobolds (D:10)
  12 bullfrogs
  A wyvern zombie (D:10)
  2 scorpions
  4 wights (D:8)
  8 killer bees
  5 electric eels (D:11)
  4 crimson imps
  A bullfrog zombie (D:5)
  A quasit (D:10)
  7 jellies
  5 orc priests
  12 hounds
  A bullfrog skeleton (D:10)
  12 orc wizards
  3 iguanas
  10 worker ants
  Terence (D:3)
  A hound skeleton (D:8)
  3 gnolls (D:5)
  15 adders
  2 shadow imps
  4 oozes
  An adder skeleton (D:9)
  An adder zombie (D:6)
  6 worms
  2 dart slugs
  6 leopard geckos
  26 orcs
  5 giant cockroaches
  7 goblins
  3 hobgoblins
  6 jackals
  7 kobolds
  2 quokkas
  2 ball pythons
  18 bats
  8 frilled lizards
  A jackal skeleton (D:6)
  A leopard gecko skeleton (D:5)
  A quokka skeleton (D:4)
  A quokka zombie (D:5)
  14 rats
  3 plants (D:10)
340 creatures vanquished.

Notes
Turn   | Place    | Note
-------+----------+-------------------------------------------
     0 | D:1      | snakesoul the Deep Elf Fire Elementalist began the quest for the Orb.
     0 | D:1      | Reached XP level 1. HP: 10/10 MP: 6/6
   322 | D:1      | Reached XP level 2. HP: 15/15 MP: 4/8
   981 | D:2      | Reached XP level 3. HP: 11/19 MP: 6/10
  1224 | D:2      | Reached skill level 4 in Spellcasting
  1547 | D:2      | Reached XP level 4. HP: 16/24 MP: 7/12
  1753 | D:2      | Learned a level 3 spell: Conjure Flame
  1758 | D:2      | Learned a level 4 spell: Sticky Flame
  1927 | D:3      | Noticed Terence
  1940 | D:3      | Killed Terence
  2057 | D:3      | Noticed Grinder
  2067 | D:3      | Killed Grinder
  2067 | D:3      | Reached skill level 5 in Spellcasting
  2067 | D:3      | Reached XP level 5. HP: 14/28 MP: 0/14
  2067 | D:3      | Reached XP level 6. HP: 16/32 MP: 0/15
  2272 | D:3      | Reached skill level 5 in Conjurations
  2378 | D:3      | Learned a level 5 spell: Fireball
  2605 | D:3      | Reached skill level 5 in Fire Magic
  2820 | D:3      | Found a faded altar of an unknown god.
  3065 | D:4      | Reached XP level 7. HP: 36/36 MP: 13/17
  3124 | D:4      | Found a transporter.
  3199 | D:4      | Found a staircase to the Ecumenical Temple.
  3205 | Temple   | Entered the Ecumenical Temple
  3674 | D:4      | Found Sawk's General Store.
  3852 | D:4      | Reached skill level 6 in Spellcasting
  3944 | D:4      | Found a shimmering altar of Xom.
  4219 | D:4      | Found a transporter.
  4357 | D:5      | Entered Level 5 of the Dungeon
  4516 | D:5      | Found a hide-covered altar of Uskayaw.
  4648 | D:5      | Found a glowing drain.
  4656 | D:5      | Reached XP level 8. HP: 41/41 MP: 15/19
  4662 | Sewer    | Entered a sewer
  5229 | D:5      | Reached skill level 7 in Spellcasting
  5304 | D:5      | Found a radiant altar of Vehumet.
  5313 | D:5      | Became a worshipper of Vehumet
  5405 | D:5      | Noticed Phong's ghost (novice DsGl)
  5499 | D:5      | Found a shimmering altar of Xom.
  6110 | D:6      | Reached XP level 9. HP: 31/45 MP: 15/22
  6508 | D:7      | Reached * piety under Vehumet
  6508 | D:7      | Offered knowledge of Magic Dart by Vehumet.
  6514 | D:7      | Learned a level 1 spell: Magic Dart
  6628 | D:7      | Reached skill level 8 in Spellcasting
  7029 | D:7      | Reached skill level 9 in Spellcasting
  7139 | D:7      | Noticed RottenKnight's ghost (novice MfSu)
  7157 | D:7      | Killed RottenKnight's ghost
  7157 | D:7      | Reached skill level 10 in Spellcasting
  8095 | D:8      | Reached skill level 11 in Spellcasting
  8222 | D:8      | Noticed snakesoul's ghost (novice GrEE)
  8241 | D:8      | Killed snakesoul's ghost
  8241 | D:8      | Reached skill level 12 in Spellcasting
  8529 | D:8      | Reached XP level 10. HP: 45/50 MP: 23/28
  8554 | D:8      | Reached skill level 13 in Spellcasting
  9490 | D:8      | Reached ** piety under Vehumet
  9490 | D:8      | Offered knowledge of Freeze by Vehumet.
  9944 | D:9      | Reached skill level 14 in Spellcasting
 10136 | D:9      | Noticed a two-headed ogre
 10146 | D:9      | Killed a two-headed ogre
 10197 | D:9      | Found Nintyv Xaeba's Food Boutique.
 10200 | D:9      | Noticed a two-headed ogre
 10221 | D:9      | Killed a two-headed ogre
 10221 | D:9      | Reached skill level 15 in Spellcasting
 10391 | D:9      | Found a white marble altar of Elyvilon.
 10451 | D:9      | Noticed a two-headed ogre
 10475 | D:9      | Killed a two-headed ogre
 10475 | D:9      | Reached skill level 16 in Spellcasting
 11010 | D:10     | Entered Level 10 of the Dungeon
 11032 | D:10     | Found a sacrificial altar of Ru.
 11071 | D:10     | Reached XP level 11. HP: 54/54 MP: 21/33
 11202 | D:10     | Found Sueromeu's Assorted Antiques.
 11307 | D:10     | Bought an embroidered robe for 103 gold pieces
 11390 | D:10     | Found Munaen's Book Boutique.
 11509 | D:10     | Found Jevollu's Antique Weapon Boutique.
 11523 | D:10     | Found Peudafas's Gadget Shoppe.
 11548 | D:10     | Offered knowledge of Mephitic Cloud by Vehumet.
 11886 | D:10     | Reached skill level 1 in Fighting
 12025 | D:10     | Noticed a two-headed ogre
 12034 | D:10     | Killed a two-headed ogre
 12038 | D:10     | Reached *** piety under Vehumet
 12267 | D:10     | Noticed a three-headed hydra
 12272 | D:10     | Killed a three-headed hydra
 12272 | D:10     | Reached skill level 5 in Dodging
 12817 | D:11     | Found a staircase to the Lair.
 12825 | D:11     | Reached skill level 17 in Spellcasting
 12915 | D:11     | Offered knowledge of Throw Icicle by Vehumet.
 12927 | D:11     | Learned a level 4 spell: Throw Icicle
 13130 | D:11     | Found a frozen archway.
 13158 | IceCv    | Entered an ice cave
 13282 | IceCv    | Reached skill level 10 in Conjurations
 13348 | IceCv    | Reached XP level 12. HP: 60/64 MP: 21/35
 13454 | IceCv    | Reached **** piety under Vehumet
 13454 | IceCv    | Reached skill level 10 in Fire Magic
 13934 | IceCv    | Offered knowledge of Yara's Violent Unravelling by Vehumet.
 14497 | IceCv    | Got an ancient leather armour
 14498 | IceCv    | Identified the +2 leather armour of Pragmatism {rN+ rCorr} (You found it in an ice cave)
 14655 | IceCv    | Noticed a frost giant
 14655 | IceCv    | Noticed a death yak
 14673 | IceCv    | Killed from afar by a frost giant

Skill      XL: |  1  2  3  4  5  6  7  8  9 10 11 12 |
---------------+-------------------------------------+-----
Conjurations   | 2 3 4 5 6 8 10 | 10.8
Spellcasting   | 4 5 6 7 12 16 17 | 17.3
Fire Magic     | 4 5 6 8 9 10 | 10.7
Dodging        | 6 8 |  8.0
Fighting       | 2 3 |  3.4
Stealth        | |  2.4

Action                   |  1- 3 |  4- 6 |  7- 9 | 10-12 || total
-------------------------+-------+-------+-------+-------++-------
Melee: Club              |    45 |     7 |       |       ||    52
       Unarmed           |     3 |       |       |       ||     3
       Dagger            |       |     6 |    63 |     8 ||    77
       Staff             |       |       |       |     1 ||     1
 Cast: Flame Tongue      |    64 |    61 |   226 |   367 ||   718
       Conjure Flame     |       |     3 |     3 |    23 ||    29
       Sticky Flame      |       |     1 |    12 |    66 ||    79
       Fireball          |       |       |     6 |    44 ||    50
       Magic Dart        |       |       |    17 |    11 ||    28
  Use: Scroll            |     6 |       |       |     5 ||    11
 Stab: Sleeping          |     7 |     1 |     3 |       ||    11
  Eat: Chunk             |     2 |     5 |    15 |    19 ||    41
       Ration            |       |       |     1 |       ||     1
Armor: Robe              |    20 |     3 |    40 |    55 ||   118
Dodge: Dodged            |    51 |     8 |    56 |   117 ||   232
Block: Other             |     4 |     5 |    21 |    33 ||    63
       Reflection        |     1 |       |       |       ||     1
